 Dungeon Crawl Stone Soup version 0.23-a0-38-g6d804a8 (webtiles) character file.

141 Amnesiac the Gusty (level 5, 0/35 HPs)
             Began as a Mummy Air Elementalist on Aug 5, 2018.
             Was an Initiate of Sif Muna.
             Slain by an adder (3 damage)
             ... on level 2 of the Dungeon.
             The game lasted 00:04:49 (1424 turns).

Amnesiac the Gusty (Mummy Air Elementalist)         Turns: 1424, Time: 00:04:50

Health: 0/35       AC:  2    Str: 12    XL:     5   Next: 3%
Magic:  3/11       EV: 12    Int: 15    God:    Sif Muna [......]
Gold:   59         SH:  0    Dex: 12    Spells: 5/12 levels left

rFire    x . .     SeeInvis .   a - +3 trident
rCold    + . .     Gourm    .   (no shield)
rNeg     + + +     Faith    .   f - +0 robe
rPois    ∞         Spirit   .   (no helmet)
rElec    .         Reflect  .   (no cloak)
rCorr    .         Harm     .   (no gloves)
MR       .....                  (no boots)
Stlth    ++........             b - amulet of magic regeneration
HPRegen  0.11/turn              (no ring)
MPRegen  0.37/turn              (no ring)

@: very slightly contaminated
A: no food or potions, fire vulnerability, cold resistance 1, negative energy
resistance 3, torment resistance, unbreathing
a: Renounce Religion


You were on level 2 of the Dungeon.
You worshipped Sif Muna.
Sif Muna was noncommittal.
You were not hungry.

You visited 2 branches of the dungeon, and saw 6 of its levels.

You collected 59 gold pieces.

Inventory:

Hand Weapons
 a - a +3 trident (weapon)
Armour
 f - a +0 robe (worn)
Jewellery
 b - an amulet of magic regeneration (around neck)
Scrolls
 d - 2 scrolls of identify {!r}
 e - a scroll of fog {!r}


   Skills:
 - Level 1.5 Dodging
 - Level 1.5 Stealth
 + Level 4.1 Spellcasting
 - Level 0.7 Conjurations
 * Level 4.2 Air Magic


You had 5 spell levels left.
You knew the following spells:

 Your Spells              Type           Power        Failure   Level  Hunger
a - Airstrike             Air            ###.......   30%         4    N/A
d - Shock                 Conj/Air       ##..         6%          1    N/A
z - Swiftness             Chrm/Air       #.......     12%         2    N/A

Your spell library contained the following spells:

 Spells                   Type           Power        Failure   Level  Hunger
 Lightning Bolt           Conj/Air       ##........   87%         5    N/A
 Static Discharge         Conj/Air       ##......     19%         3    N/A

Dungeon Overview and Level Annotations

Branches:
Dungeon (5/15)             Temple (1/1) D:4

Altars:
Ashenzari
Cheibriados
Elyvilon
Fedhas
Gozag
Hepliaklqana
Kikubaaqudgha
Makhleb
Nemelex Xobeh
Okawaru
Qazlal
Ru
Sif Muna
Trog
Uskayaw
Vehumet
Wu Jian
Xom
Yredelemnul
Zin
The Shining One

Annotations:
D:2 exclusion: downstairs, Ijyb


Innate Abilities, Weirdness & Mutations

You do not eat or drink.
Your flesh is vulnerable to fire.
You are immune to poison.
Your flesh is cold resistant. (rC+)
You are immune to negative energy. (rN+++)
You are immune to unholy pain and torment.
You can survive without breathing.


Message History

Press: ? - help, Shift-Dir - straight line, f/p - Ijyb
Aim: Ijyb, wearing a leather armour (severely wounded)
You miscast Shock.
Nothing appears to happen.
The adder barely misses you. The adder bites you but does no damage.
The adder closely misses you.
Casting: Shock (safe; 6% risk of failure)
Confirm with . or Enter, or press ? or * to list all spells.
Aiming: Shock (safe; 6% risk of failure)
Press: ? - help, Shift-Dir - straight line, f/p - Ijyb
Aim: Ijyb, wearing a leather armour (severely wounded)
The zap misses Ijyb.
Ijyb hits you. The adder barely misses you.
Unknown command.
Ijyb screams, "Me stronger than you!" The adder bites you.
Ijyb zaps a wand.
You resist with some effort.
It is a wand of enslavement (19).
Press: ? - help, v - describe, . - travel
Here: Ijyb, wearing a leather armour and carrying a wand of enslavement (19) (severely wounded)
The floor.
The adder barely misses you. The adder bites you.
Casting: Shock (safe; 6% risk of failure)
Confirm with . or Enter, or press ? or * to list all spells.
Aiming: Shock (safe; 6% risk of failure)
Press: ? - help, Shift-Dir - straight line, f/p - Ijyb
Aim: Ijyb, wearing a leather armour and carrying a wand of enslavement (19) (heavily wounded)
Okay, then.
The adder completely misses you. The adder bites you. The adder misses you.
The adder completely misses you.
There is a stone staircase leading up here.
The adder bites you.
Ijyb zaps a wand.
Your will is overpowered!
You are confused.
In your confused state, you trip and fall back down the stairs.
The adder bites you. Ijyb hits you but does no damage.
Unknown command.
The adder bites you but does no damage.
Ijyb zaps a wand.
You resist with some effort.
You climb upwards.
Level annotation: exclusion: downstairs
There is a stone staircase leading down here.
You bump into the rock wall.
The adder bites you. Ijyb closely misses you. The adder misses you.
You feel less confused. The adder bites you.
* * * LOW HITPOINT WARNING * * *
Ijyb zaps a wand.
Your will is overpowered!
You are confused.
You barely miss the adder. The adder bites you but does no damage.
The adder barely misses you.
You bump into the rock wall.
The adder barely misses you.
Ijyb screams, "Level is mine!
All mine!"
You bump into the rock wall.
The adder barely misses you. The adder bites you.
* * * LOW HITPOINT WARNING * * *
You completely miss the adder.
You feel less confused. The adder bites you.
* * * LOW HITPOINT WARNING * * *
Casting: Shock (safe; 6% risk of failure)
Confirm with . or Enter, or press ? or * to list all spells.
Aiming: Airstrike (quite dangerous; 30% risk of failure)
Press: ? - help, Dir - move target cursor, f - Ijyb
Aim: Ijyb, wearing a leather armour and carrying a wand of enslavement (16) (heavily wounded)
You miscast Airstrike.
Electricity courses through your body.
* * * LOW HITPOINT WARNING * * *
The adder misses you. The adder bites you.
You die...

..######### ###.
.. .......@Sg#
... ..
......###>#
..... ...## #.#
..#. # ##.###.#
... †....#.## ..
#.# #....## .#
#.#
#.#.#.#.########
.### #.#
...............#
.†.# #..
....#.#.######.#


You could see Ijyb and an adder.

Vanquished Creatures
  A howler monkey (D:4)
  A hound (D:4)
  3 adders
  An ooze (D:2)
  A worm (D:3)
  A dart slug (D:1)
  A leopard gecko (D:1)
  5 orcs (D:4)
  A goblin (D:2)
  4 hobgoblins
  A quokka (D:4)
  7 bats
  A frilled lizard (D:1)
  5 kobolds
  4 rats
37 creatures vanquished.

Notes
Turn   | Place    | Note
-------+----------+-------------------------------------------
     0 | D:1      | Amnesiac the Mummy Air Elementalist began the quest for the Orb.
     0 | D:1      | Reached XP level 1. HP: 13/13 MP: 4/4
    97 | D:1      | Reached XP level 2. HP: 19/19 MP: 1/5
   174 | D:3      | Noticed Ijyb
   269 | D:2      | Reached XP level 3. HP: 24/24 MP: 3/7
   273 | D:2      | Learned a level 2 spell: Swiftness
   456 | D:4      | Reached XP level 4. HP: 20/30 MP: 4/9
   462 | D:4      | Learned a level 4 spell: Airstrike
   784 | D:5      | Entered Level 5 of the Dungeon
   802 | D:4      | Reached XP level 5. HP: 33/35 MP: 3/11
   831 | D:4      | Found a staircase to the Ecumenical Temple.
   936 | Temple   | Entered the Ecumenical Temple
  1260 | Temple   | Became a worshipper of Sif Muna the Loreminder
  1424 | D:2      | Slain by an adder

Vault maps used:
D:1:      minmay_arrival_solitary_statue, minmay_quantized
D:2:      serial_glass, glass_columns_b, glass_columns_c,
          kennysheep_generic_room_13
D:3:      first_ration, uniq_ijyb
D:4:      temple_doors_cd
D:5:      kennysheep_generic_room_14, uniq_sigmund, uniq_eustachio, uniq_duvessa
Temple:   regret_index_temple_sigil_plot

Skill      XL: |  1  2  3  4 |
---------------+-------------+-----
Air Magic      | 3 4 |  4.2
Spellcasting   | 3 4 |  4.1
Dodging        | |  1.5
Stealth        | |  1.5
Conjurations   | |  0.7

Action                   |  1- 3 |  4- 6 || total
-------------------------+-------+-------++-------
Melee: Trident           |       |     4 ||     4
 Cast: Shock             |    70 |    32 ||   102
       Airstrike         |       |     2 ||     2
  Use: Scroll            |       |     1 ||     1
Armor: Robe              |     1 |     4 ||     5
Dodge: Dodged            |    10 |    26 ||    36

Table legend:
 A = Spawn XP
 B = Non-spawn XP
 C = Spawn XP percentage of total XP
 D = Spawn monster count
 E = Non-spawn monster count
 F = Spawn count percentage of total count
 G = Total turns spent on level
                    A         B        C        D         E        F      G
               +---------+---------+-------+---------+---------+-------+---------
         Total |       0 |     202 |   0.0 |       0 |      37 |   0.0 |  1424
               +---------+---------+-------+---------+---------+-------+---------
           D:1 |       0 |      20 |   0.0 |       0 |      11 |   0.0 |   164
           D:2 |       0 |      39 |   0.0 |       0 |      15 |   0.0 |   239
           D:3 |       0 |       5 |   0.0 |       0 |       1 |   0.0 |    50
           D:4 |       0 |     138 |   0.0 |       0 |      10 |   0.0 |   607
               +---------+---------+-------+---------+---------+-------+---------
